Map: Blackpink LE

Players

rafapras - Winner!

  • Race: Protoss Protoss
  • League: Diamond
  • Spawn Location: 1:00

Flecha

  • Race: Zerg Zerg
  • League: Diamond
  • Spawn Location: 7:00

VOD

Have the link to the VOD?

Description

Time

  • Played on: Dec. 2, 2017, 4:49 p.m.
  • Length: 19:46
Show
View Real Time Build Order
Export as new Build Order

rafapras Protoss - Winner!

Build Orders:  

Get SALT Encoding   

  12  0:02  Probe  
  13  0:14  Probe  
  14  0:24  Pylon  
  14  0:26  Probe  
  15  0:42  Probe (Chrono Boost)  
  17  0:54  Probe (Chrono Boost)  
  17  0:56  Probe  
  18  1:09  Nexus  
  18  1:20  Gateway  
  18  1:34  Gateway  
  18  1:37  Assimilator  
  18  1:39  Probe (Chrono Boost), Assimilator  
  19  1:51  Probe (Chrono Boost)  
  20  1:56  Probe (Chrono Boost)  
  21  2:09  Cybernetics Core  
  21  2:13  Pylon  
  21  2:15  Zealot  
  23  2:21  Probe (Chrono Boost)  
  25  2:26  Probe (Chrono Boost)  
  25  2:33  Probe (Chrono Boost)  
  27  2:39  Probe x2 (Chrono Boost)  
  27  2:46  Probe  
  27  2:50  Probe  
  28  2:52  Warp Gate  
  28  2:54  Adept  
  28  2:55  Adept  
  31  3:02  Probe  
  32  3:06  Probe  
  33  3:14  Stargate  
  33  3:15  Probe  
  33  3:18  Probe  
  35  3:28  Probe (Chrono Boost)  
  35  3:32  Probe (Chrono Boost)  
  37  3:40  Probe (Chrono Boost)  
  39  3:44  Probe (Chrono Boost)  
  39  3:45  Probe x2 (Chrono Boost)  
  41  3:48  Pylon  
  41  3:54  Probe  
  42  3:56  Probe  
  46  4:03  Assimilator  
  46  4:04  Oracle (Chrono Boost)  
  46  4:06  Probe, Assimilator  
  46  4:08  Pylon  
  46  4:09  Probe  
  48  4:18  Probe  
  48  4:21  Probe  
  50  4:29  Oracle (Chrono Boost)  
  50  4:31  Probe  
  54  4:33  Probe  
  55  4:41  Pylon  
  55  4:43  Probe  
  55  4:45  Probe  
  57  4:55  Probe  
  57  4:57  Probe  
  56  5:07  Probe  
  56  5:09  Probe, Stalker x2  
  56  5:12  Phoenix  
  64  5:19  Probe  
  65  5:21  Probe  
  65  5:26  Forge  
  66  5:29  Twilight Council  
  66  5:30  Nexus  
  66  5:31  Gateway, Probe  
  66  5:33  Pylon  
  67  5:37  Assimilator  
  67  5:40  Assimilator  
  67  5:42  Probe  
  68  5:43  Probe  
  69  5:51  Phoenix  
  69  5:54  Probe  
  69  5:55  Probe  
  73  6:06  Probe, Protoss Ground Weapons Level 1 (Chrono Boost)  
  73  6:07  Probe, Charge (Chrono Boost)  
  75  6:14  Templar Archives  
  75  6:17  Dark Shrine  
  75  6:18  Probe  
  76  6:20  Probe  
  76  6:22  Gateway  
  76  6:24  Gateway  
  77  6:30  Probe  
  77  6:31  Forge  
  78  6:41  Probe  
  78  6:42  Probe  
  80  6:53  Probe, Zealot  
  80  6:54  Probe x2, Zealot  
  85  7:01  Psionic Storm  
  87  7:05  Probe  
  87  7:06  Probe x2  
  90  7:14  Protoss Ground Armor Level 1 (Chrono Boost)  
  90  7:17  High Templar, Probe  
  90  7:22  Pylon  
  93  7:23  Pylon  
  93  7:26  Gateway  
  93  7:28  Gateway  
  93  7:40  Probe x2, Zealot x3  
  93  7:42  High Templar  
  103  7:55  Stalker  
  103  7:58  Protoss Ground Weapons Level 2  
  105  8:04  Pylon x2  
  105  8:05  Pylon  
  105  8:07  Pylon  
  105  8:17  Archon  
  105  8:22  Dark Templar  
  105  8:23  Dark Templar x4  
  105  8:24  Dark Templar  
  91  8:41  Probe x2  
  91  8:45  Nexus  
  93  8:53  Probe  
  93  8:54  Probe  
  95  8:56  Robotics Facility  
  95  8:59  Robotics Facility  
  95  9:05  Probe  
  95  9:06  Probe  
  95  9:08  Archon x2  
  95  9:09  Archon  
  97  9:11  Nexus, Protoss Shields Level 1  
  97  9:13  Pylon  
  97  9:15  Pylon  
  97  9:16  Stalker  
  99  9:17  Zealot, Stalker x2  
  99  9:18  Probe x2, Assimilator, Zealot x3  
  99  9:21  Assimilator  
  113  9:25  Pylon  
  113  9:26  Pylon  
  113  9:30  Probe x2  
  115  9:42  Probe x2  
  115  9:44  High Templar  
  115  9:45  High Templar x3  
  123  9:48  Observer x2  
  123  9:52  Robotics Bay  
  127  9:54  Probe  
  127  9:57  Probe  
  129  10:13  Shield Battery  
  129  10:14  Photon Cannon x2  
  129  10:16  High Templar x2  
  129  10:18  Shield Battery  
  129  10:29  Extended Thermal Lance  
  129  10:33  Zealot x3  
  129  10:34  Zealot  
  136  10:36  Immortal x2  
  136  10:41  Protoss Ground Weapons Level 3 (Chrono Boost)  
  144  10:55  Nexus  
  144  10:59  Pylon  
  144  11:00  Pylon  
  144  11:03  Pylon  
  144  11:07  Pylon  
  144  11:08  Pylon  
  144  11:12  Assimilator  
  144  11:13  Assimilator  
  144  11:14  Colossus (Chrono Boost)  
  144  11:16  Colossus (Chrono Boost)  
  156  11:23  Protoss Ground Armor Level 2 (Chrono Boost)  
  156  11:47  Zealot x4  
  156  11:48  Zealot  
  156  11:49  Zealot x2  
  154  12:07  Zealot  
  154  12:08  Zealot x4  
  72  12:22  Zealot  
  72  12:23  Zealot  
  72  12:27  Probe  
  72  12:33  Probe x2  
  72  12:36  Probe  
  75  12:39  Probe  
  75  12:40  Colossus (Chrono Boost)  
  75  12:42  Immortal (Chrono Boost)  
  86  12:48  High Templar x4  
  86  12:49  High Templar x3  
  86  12:50  Probe x3  
  103  12:51  Probe  
  104  13:02  Probe x2, Archon x3  
  106  13:10  Void Ray  
  106  13:11  Probe  
  111  13:19  Immortal  
  115  13:21  Zealot x2  
  115  13:22  Zealot x4  
  115  13:23  Probe  
  115  13:24  Immortal  
  115  13:25  Probe  
  134  13:27  Probe  
  134  13:29  Probe  
  135  13:35  High Templar  
  137  13:46  Zealot x2  
  137  13:47  Zealot x4  
  107  14:13  Zealot x2  
  107  14:14  Zealot x4  
  119  14:25  Nexus  
  119  14:26  Observer, Immortal  
  119  14:28  Probe  
  119  14:31  Probe  
  126  15:00  Zealot x3  
  126  15:01  High Templar x3  
  126  15:02  High Templar  
  140  15:10  Archon x2  
  140  15:11  Probe x3  
  143  15:23  Probe x2  
  143  15:25  High Templar x3  
  143  15:28  Immortal x2 (Chrono Boost)  
  159  15:30  Probe  
  159  15:35  Probe  
  161  15:53  Void Ray  
  161  15:56  Colossus  
  165  16:01  Assimilator  
  165  16:03  Assimilator  
  171  16:05  Pylon  
  147  16:26  Stalker x3  
  147  16:27  Stalker x4  
  147  16:28  Probe x2  
  157  16:46  Void Ray  
  161  16:48  Protoss Shields Level 2  
  161  16:56  Stargate  
  161  17:13  Protoss Air Weapons Level 1 (Chrono Boost)  
  161  17:19  Fleet Beacon  
  161  17:30  Stargate  
  159  17:40  Void Ray  
  159  17:42  Void Ray  
  167  18:04  Nexus  
  173  18:26  Tempest (Chrono Boost)  
  173  18:27  Tempest (Chrono Boost)  
  183  18:42  Void Ray (Chrono Boost)  
  183  18:58  Tempest (Chrono Boost)  
  183  18:59  Tempest (Chrono Boost)  
  167  19:41  Archon  
Show
View Real Time Build Order
Export as new Build Order

Flecha Zerg 

Build Orders: Pool First, Lurkers 

Get SALT Encoding   

  12  0:01  Drone  
  13  0:12  Overlord  
  13  0:17  Drone  
  14  0:31  Drone x2  
  16  0:36  Drone  
  17  0:45  Spawning Pool  
  16  0:52  Drone  
  17  1:13  Hatchery  
  17  1:18  Drone  
  17  1:31  Drone  
  18  1:34  Queen  
  18  1:35  Zergling x4  
  22  1:43  Overlord  
  22  2:09  Drone x2  
  24  2:15  Queen  
  24  2:21  Hatchery  
  24  2:22  Drone  
  26  2:33  Drone x2  
  28  2:50  Overlord  
  28  2:51  Drone x3  
  28  2:52  Drone x2  
  32  3:07  Extractor  
  32  3:08  Drone x3  
  32  3:12  Queen  
  36  3:17  Overlord  
  35  3:27  Drone x2  
  37  3:40  Spore Crawler  
  36  3:43  Spore Crawler  
  35  3:49  Extractor  
  35  3:51  Drone x3, Roach Warren  
  35  3:52  Drone x3  
  39  3:56  Queen, Drone  
  39  3:57  Drone x3  
  45  4:07  Drone x3, Overlord  
  48  4:19  Drone  
  49  4:25  Queen  
  49  4:26  Spore Crawler  
  49  4:29  Lair  
  50  4:45  Extractor  
  50  4:47  Overlord  
  50  4:48  Drone x6  
  50  4:49  Drone x6  
  60  5:04  Drone x3  
  63  5:09  Extractor  
  63  5:11  Extractor  
  63  5:13  Drone  
  62  5:14  Evolution Chamber  
  62  5:15  Evolution Chamber  
  60  5:21  Drone  
  60  5:22  Baneling Nest  
  60  5:24  Drone  
  60  5:25  Drone x3  
  60  5:26  Drone, Extractor  
  64  5:30  Drone x3  
  64  5:31  Drone x3  
  70  5:37  Drone x4  
  74  5:43  Glial Reconstitution  
  74  5:48  Hydralisk Den  
  74  5:49  Overlord x2  
  73  5:53  Drone  
  73  5:56  Overlord x4  
  74  6:00  Zerg Missile Weapons Level 1, Zerg Ground Armor Level 1  
  74  6:20  Roach x5  
  74  6:21  Roach x7  
  98  6:28  Centrifical Hooks  
  98  6:30  Drone  
  99  6:33  Zergling x8  
  99  6:36  Drone x2  
  99  6:37  Overlord  
  105  6:44  Zergling x4  
  107  6:53  Muscular Augments  
  107  6:56  Zergling x10  
  107  6:59  Zergling x2  
  107  7:00  Zergling x6  
  116  7:01  Metabolic Boost  
  116  7:05  Overseer  
  116  7:06  Overseer  
  116  7:07  Overlord x2  
  116  7:15  Hydralisk x3  
  116  7:19  Overlord x3  
  122  7:24  Pneumatized Carapace  
  122  7:31  Roach  
  122  7:32  Roach x3  
  122  7:34  Overlord x2  
  122  7:35  Overlord x4  
  130  7:48  Overlord  
  130  7:53  Baneling  
  130  7:54  Baneling x8  
  130  7:55  Baneling x3, Hatchery  
  130  7:56  Baneling  
  130  7:57  Hydralisk x2  
  133  8:07  Zerg Ground Armor Level 2, Zerg Missile Weapons Level 2  
  133  8:12  Hydralisk x3  
  86  8:42  Roach x8  
  86  8:43  Roach x8  
  86  8:45  Overseer  
  86  8:46  Overseer x2  
  118  9:18  Lurker Den  
  118  9:20  Infestation Pit  
  116  9:24  Hydralisk x6  
  116  9:25  Hydralisk x3  
  116  9:27  Zergling x2  
  116  9:28  Zergling x6  
  138  9:35  Drone x2, Extractor  
  139  9:40  Extractor  
  138  9:48  Hydralisk x4  
  138  9:49  Hydralisk x4  
  154  10:06  Hydralisk x5  
  164  10:15  Hive  
  164  11:09  Lurker x4  
  164  11:10  Lurker x4  
  172  11:27  Zerg Missile Weapons Level 3  
  172  11:33  Drone  
  172  11:34  Drone x3  
  172  11:39  Hydralisk x2  
  176  11:40  Hydralisk x2  
  176  11:43  Overlord x2  
  176  11:44  Overlord x4  
  176  11:45  Overlord x4  
  176  11:46  Overlord  
  174  12:03  Hydralisk x6  
  174  12:04  Hydralisk x7  
  180  12:10  Hydralisk x3  
  180  12:12  Zergling x8  
  123  12:30  Drone  
  124  12:46  Spire  
  124  12:48  Adrenal Glands  
  124  12:49  Ultralisk Cavern, Adaptive Talons  
  122  13:02  Lurker  
  122  13:03  Lurker x2  
  122  13:04  Lurker  
  126  13:07  Zergling x2  
  126  13:08  Zergling x22  
  138  13:19  Extractor  
  137  13:20  Extractor  
  137  13:21  Hatchery  
  137  13:23  Spine Crawler x2  
  76  14:13  Greater Spire  
  76  14:14  Chitinous Plating  
  72  14:17  Zerg Melee Weapons Level 1  
  72  14:18  Zerg Ground Armor Level 3  
  72  14:28  Zergling x2  
  72  14:29  Zergling x24  
  72  14:30  Zergling x18  
  94  14:39  Hydralisk x2, Spine Crawler  
  94  14:44  Hydralisk x5  
  107  14:49  Baneling  
  107  14:51  Baneling x3  
  107  14:52  Baneling x8  
  102  14:53  Baneling x8  
  102  14:54  Baneling x5  
  102  14:55  Hydralisk x3, Baneling  
  102  14:56  Hydralisk x2  
  112  15:07  Hydralisk x3  
  112  15:11  Hydralisk  
  112  15:13  Queen  
  122  15:14  Corruptor x2  
  122  15:15  Corruptor  
  122  15:19  Lurker x3  
  122  15:21  Corruptor  
  131  15:28  Corruptor  
  128  15:49  Corruptor x3  
  133  16:06  Corruptor x2  
  106  16:19  Hydralisk x4  
  103  16:37  Brood Lord x2  
  107  16:49  Brood Lord  
  105  17:10  Brood Lord  
  105  17:11  Brood Lord x2  
  111  17:21  Corruptor  
  108  17:50  Hatchery  
  107  17:57  Corruptor x2  
  107  17:58  Corruptor  
  110  18:15  Hydralisk x3  
  112  18:35  Corruptor x3  
  118  18:51  Brood Lord  
  118  18:53  Brood Lord  
  122  19:01  Hydralisk  
Tags
 
Composition
Lurkers
Matchup
PvZ
Opening
Pool First
Spawn Locations
Cross Positions
Add a new tag
Caveats
  • Supply blocks, unpowered buildings, or Contaminate may cause inaccurate times.
  • Supply counts are checked every 10 seconds.